 Dungeon Crawl Stone Soup version 0.31.0-12-g77e489cdc1 (webtiles) character file.

Game seed: 6056698178206851944

659833 Kallu the Fire Dragon (level 26, -60/232 HPs)
             Began as a Red Draconian Conjurer on Feb 19, 2024.
             Was the Champion of Sif Muna.
             Killed from afar by an ancient lich (89 damage)
             ... with a crystal spear
             ... on level 5 of the Realm of Zot.
             The game lasted 03:48:25 (71128 turns).

Kallu the Fire Dragon (Red Draconian Conjurer)     Turns: 71128, Time: 03:48:26

Health: -60/232    AC: 28    Str: 13    XL:     26   Next: 73%
Magic:  16/43      EV: 18    Int: 33    God:    Sif Muna [******]
Gold:   4491       SH:  0    Dex: 12    Spells: 8/57 levels left

rFire   + + .        a - +3 Elemental Staff {ele, rElec rF+ rC+ AC+3}
rCold   + + .        N - crystal ball of Wucad Mu {*channel}
rNeg    . . .        (body armour unavailable)
rPois   .            u - +2 hat {Stlth+}
rElec   +            M - +4 dragonskin cloak
rCorr   +            p - +2 pair of gloves
SInv    +            m - +2 pair of boots of Hyowkos {rCorr Int+4 Dex-2 SInv}
Will    ++...        t - amulet "Huixkyso" {rC+ Regen+ Str+2 Int+2 Dex+2}
Stlth   ++++         z - ring "Urulo" {Wiz +Blink}
HPRegen 1.38/turn    A - ring of willpower
MPRegen 0.28/turn

%: wizardry (x1), channel magic (40%)
@: about to teleport, studying 2 skills
A: breathe fire, AC +12, unfitting armour, fire resistance 1, cold-blooded, no
potion heal 1
}: 5/15 runes: decaying, serpentine, slimy, silver, abyssal
a: Breathe Fire, Renounce Religion, Evoke Blink, Channel Magic, Forget Spell,
Divine Exegesis


You were on level 5 of the Realm of Zot.
You worshipped Sif Muna.
Sif Muna was exalted by your worship.
You visited 11 branches of the dungeon, and saw 52 of its levels.
You visited the Abyss 3 times.
You also visited: Bailey.

You collected 8781 gold pieces.
You spent 4290 gold pieces at shops.

Inventory:

Hand Weapons
 a - the +3 Elemental Staff (weapon) {ele, rElec rF+ rC+ AC+3}
   (You acquired it on level 4 of the Lair of Beasts)

   AC+3:      It affects your AC (+3).
   rF+:       It protects you from fire.
   rC+:       It protects you from cold.
   rElec:     It insulates you from electricity.
 b - the +9 staff of Olgreb {rPois∞}
   (You found it on level 15 of the Dungeon)

   Radiate:   It can be activated via the 'a'bility menu to radiate toxic
   energy, with effectiveness depending on Evocations skill.
   Alch:      It enhances your alchemy magic.
   rPois∞: It grants immunity to poison.
Missiles
 o - a throwing net
 C - 6 curare-tipped darts
Armour
 m - the +2 pair of boots of Hyowkos (worn) {rCorr Int+4 Dex-2 SInv}
   (You found it on level 3 of the Dungeon)

   Int+4:     It affects your intelligence (+4).
   Dex-2:     It affects your dexterity (-2).
   SInv:      It lets you see invisible.
   rCorr:     It protects you from acid and corrosion.
 p - a +2 pair of gloves (worn)
 u - a +2 hat of stealth (worn)
 M - the +4 dragonskin cloak (worn)
   (You took it off Tiamat on level 2 of the Realm of Zot)

   Avatar's Aegis: It grants the wearer a chance to resist fire, cold, poison,
   electricity, acid, and negative energy.
 N - the crystal ball of Wucad Mu (worn) {*channel}
   (You found it on level 2 of the Lair of Beasts)

   *Channel:  It often returns the magic spent to cast spells, but lowers their
   success rate.
   It always returns the magic spent on miscasts.
Jewellery
 t - the amulet "Huixkyso" (around neck) {rC+ Regen+ Str+2 Int+2 Dex+2}
   (You found it on level 2 of the Realm of Zot)

   [amulet of regeneration]

   Str+2:     It affects your strength (+2).
   Int+2:     It affects your intelligence (+2).
   Dex+2:     It affects your dexterity (+2).
   rC+:       It protects you from cold.
   Regen+:    It increases your rate of health regeneration.
 z - the ring "Urulo" (left hand) {Wiz +Blink}
   (You found it on level 2 of the Snake Pit)

   [ring of wizardry]

   Wiz:       It improves your spell success rate.
   +Blink:    It lets you blink.
 A - a ring of willpower (right hand)
 W - a ring of poison resistance
 Y - the ring "Hedeureq" {rC+ Str+2}
   (You acquired it on level 3 of the Lair of Beasts)

   [ring of protection from cold]

   Str+2:     It affects your strength (+2).
   rC+:       It protects you from cold.
 Z - a ring of positive energy
Wands
 c - a wand of light (25)
 n - a wand of polymorph (16)
 s - a wand of mindburst (40)
 y - a wand of paralysis (52)
 G - a wand of roots (26)
 S - a wand of digging (7)
Scrolls
 v - 3 scrolls of silence
 x - 5 scrolls of fear
 D - 6 scrolls of teleportation
 F - 9 scrolls of enchant armour
 H - a scroll of amnesia
 J - 9 scrolls of enchant weapon
 K - 3 scrolls of immolation
 L - 3 scrolls of summoning
 P - 3 scrolls of fog
 Q - 5 scrolls of torment
 V - 4 scrolls of revelation
 X - 8 scrolls of vulnerability
Potions
 d - 3 potions of berserk rage
 e - 6 potions of resistance
 g - 5 potions of brilliance
 h - 12 potions of mutation
 i - 3 potions of cancellation
 j - 9 potions of attraction
 k - 10 potions of enlightenment
 q - 9 potions of haste
 r - 19 potions of curing
 w - 4 potions of heal wounds
 B - 8 potions of lignification
 E - 12 potions of invisibility
 I - 3 potions of ambrosia
 O - 8 potions of might
 R - 4 potions of magic
Miscellaneous
 f - a lightning rod (4/4)
 T - a tin of tremorstones (1/2)
 U - a sack of spiders


   Skills:
 - Level 18.0 Fighting
 - Level 4.0 Long Blades
 - Level 4.0 Staves
 - Level 15.0 Dodging
 - Level 6.0 Stealth
 - Level 16.0 Spellcasting
 - Level 17.0 Conjurations
 - Level 2.0 Translocations
 O Level 27 Fire Magic
 + Level 22.7 Air Magic
 - Level 10.0 Alchemy
 - Level 15.0 Invocations
 - Level 8.0 Evocations


You had 8 spell levels left.
You knew the following spells:

 Your Spells              Type           Power      Damage    Failure   Level
a - Airstrike             Air            66%        2d(10-26) 1%          4
b - Plasma Beam           Fire/Air       81%        2x1d99    1%          6
c - Fulminant Prism       Conj/Alch      43%        3d19      1%          4
d - Starburst             Conj/Fire      65%        6d17      1%          6
e - Irradiate             Conj/Alch      43%        3d26      1%          5
f - Ignition              Fire           70%        3d19      1%          8
g - Maxwell's Capacitive  Air            66%        ∞         1%          8
A - Blink                 Tloc           78%        N/A       2%          2
B - Swiftness             Air            100%       N/A       1%          3
C - Passwall              Erth           39%        N/A       6%          3

Your spell library contained the following spells:

 Spells                   Type           Power      Damage    Failure   Level
 Apportation              Tloc           78%        N/A       1%          1
 Foxfire                  Conj/Fire      100%       2x1d9     1%          1
 Kiss of Death            Conj/Necr      100%       2d13      1%          1
 Magic Dart               Conj           100%       1d8       1%          1
 Shock                    Conj/Air       100%       1d9       1%          1
 Sting                    Conj/Alch      100%       1d9       1%          1
 Cigotuvi's Dreadful Rot  Necr/Alch/Air  100%       N/A       1%          2
 Mercury Vapours          Alch/Air       100%       N/A       1%          2
 Momentum Strike          Conj/Tloc      100%       3d10      1%          2
 Scorch                   Fire           100%       2d9       1%          2
 Searing Ray              Conj           100%       2d8       1%          2
 Static Discharge         Conj/Air       100%       3-8/arc   1%          2
 Dazzling Flash           Conj/Hex       100%       N/A       1%          3
 Hailstorm                Conj/Ice       89%        3d14      1%          3
 Inner Flame              Hex/Fire       100%       N/A       1%          3
 Mephitic Cloud           Conj/Alch/Air  100%       N/A       1%          3
 Stone Arrow              Conj/Erth      100%       3d13      1%          3
 Volatile Blastmotes      Fire/Tloc      100%       2d18      1%          3
 Brom's Barrelling Bould  Conj/Erth      89%        2d10      1%          4
 Flame Wave               Conj/Fire      100%       2d21      1%          4
 Ignite Poison            Fire/Alch      100%       N/A       1%          4
 Iskenderun's Mystic Bla  Conj/Tloc      73%        2d15      1%          4
 Olgreb's Toxic Radiance  Alch           75%        N/A       1%          4
 Sticky Flame             Fire/Alch      100%       2d15      1%          4
 Summon Blazeheart Golem  Fire/Summ      100%       N/A       1%          4
 Summon Lightning Spire   Summ/Air       100%       N/A       1%          4
 Vhi's Electric Charge    Tloc/Air       100%       N/A       1%          4
 Alistair's Intoxication  Alch           50%        N/A       1%          5
 Arcjolt                  Conj/Air       62%        1d72      1%          5
 Fireball                 Conj/Fire      65%        3d25      1%          5
 Freezing Cloud           Conj/Ice/Air   65%        6-21      1%          5
 Iskenderun's Battlesphe  Conj           95%        2d14      1%          5
 Silence                  Hex/Air        50%        N/A       1%          5
 Conjure Ball Lightning   Conj/Air       62%        3x3d22    1%          6
 Freeze                   Ice            100%       1d10      2%          1
 Necrotise                Necr           100%       1d9       2%          1
 Sandblast                Erth           78%        2d17      2%          1
 Slow                     Hex            100%       N/A       2%          1
 Summon Small Mammal      Summ           100%       N/A       2%          1
 Lesser Beckoning         Tloc           78%        N/A       2%          2
 Orb of Destruction       Conj           47%        9d12      2%          7
 Call Imp                 Summ           52%        N/A       3%          2
 Ensorcelled Hibernation  Hex/Ice        78%        N/A       3%          2
 Jinxbite                 Hex            52%        N/A       3%          2
 Sublimation of Blood     Necr           26%        N/A       3%          2
 Gell's Gravitas          Tloc           39%        N/A       3%          3
 Teleport Other           Tloc           39%        N/A       3%          3
 Leda's Liquefaction      Alch/Erth      36%        N/A       3%          4
 Petrify                  Alch/Erth      73%        N/A       3%          4
 Eringya's Noxious Bog    Alch           37%        4d6       4%          6
 Call Canine Familiar     Summ           26%        N/A       6%          3
 Confusing Touch          Hex            26%        N/A       6%          3
 Frozen Ramparts          Ice            78%        1d12      6%          3
 Fugue of the Fallen      Necr           26%        N/A       6%          3
 Ozocubu's Armour         Ice            39%        N/A       6%          3
 Sigil of Binding         Hex            26%        N/A       6%          3
 Summon Ice Beast         Ice/Summ       39%        N/A       6%          3
 Tukima's Dance           Hex            26%        N/A       6%          3
 Vampiric Draining        Necr           26%        2d7       6%          3
 Yara's Violent Unravell  Hex/Alch       28%        3d12      6%          5
 Manifold Assault         Tloc           39%        N/A       8%          4
 Passage of Golubria      Tloc           39%        N/A       8%          4
 Bombard                  Conj/Erth      44%        9d8       8%          6
 Dimensional Bullseye     Hex/Tloc       16%        N/A       10%         4
 Anguish                  Hex/Necr       13%        N/A       14%         4
 Animate Dead             Necr           26%        N/A       14%         4
 Cause Fear               Hex            13%        N/A       14%         4
 Dispel Undead            Necr           26%        3d13      14%         4
 Martyr's Knell           Necr/Summ      26%        N/A       14%         4
 Summon Forest            Summ/Tloc      16%        N/A       22%         5
 Sculpt Simulacrum        Ice/Alch       36%        N/A       24%         6
 Spellforged Servitor     Conj/Summ      35%        N/A       28%         7
 Borgnjor's Vile Clutch   Necr/Erth      19%        N/A       30%         5
 Curse of Agony           Necr           26%        N/A       30%         5
 Lee's Rapid Deconstruct  Erth           19%        3d11*     30%         5
 Metabolic Englaciation   Hex/Ice        19%        N/A       30%         5
 Summon Mana Viper        Hex/Summ       26%        N/A       30%         5
 Dispersal                Tloc           19%        N/A       54%         6
 Death Channel            Necr           13%        N/A       78%         6
 Summon Cactus Giant      Summ           13%        N/A       78%         6
 Lehudib's Crystal Spear  Conj/Erth      44%        10d11     86%         8
 Enfeeble                 Hex            13%        N/A       99%         7
 Haunt                    Necr/Summ      13%        N/A       99%         7
 Malign Gateway           Summ/Tloc      16%        N/A       99%         7
 Monstrous Menagerie      Summ           13%        N/A       99%         7
 Summon Hydra             Summ           13%        N/A       99%         7
 Borgnjor's Revivificati  Necr           13%        N/A       100%        8
 Discord                  Hex            13%        N/A       100%        8
 Disjunction              Tloc           19%        N/A       100%        8
 Fire Storm               Conj/Fire      65%        8d17      16%         9
 Chain Lightning          Conj/Air       62%        3d83      32%         9
 Death's Door             Necr           13%        N/A       100%        9
 Dragon's Call            Summ           13%        N/A       100%        9
 Polar Vortex             Ice            19%        12d2*     100%        9
 Animate Armour           Summ/Erth      Unusable   N/A       N/A         4

Dungeon Overview and Level Annotations

Branches:
Dungeon (15/15)            Temple (1/1) D:5            Lair (5/5) D:10
  Swamp (4/4) Lair:2        Snake (4/4) Lair:3        Slime (5/5) Lair:5
    Orc (2/2) D:11            Elf (2/3) Orc:2        Vaults (5/5) D:14
  Crypt (0/3) Vaults:3     Depths (4/4) D:15            Zot (5/5) Depths:4
 Bailey (visited)

Altars:
Ashenzari
Cheibriados
Dithmenos
Elyvilon
Fedhas
Gozag
Hepliaklqana
Kikubaaqudgha
Makhleb
Nemelex Xobeh
Okawaru
Qazlal
Ru
Sif Muna
Trog
Uskayaw
Vehumet
Wu Jian
Xom
Yredelemnul
Zin
The Shining One
Jiyva

Shops:
Orc:2 [?(:   Snake:2 (   Snake:3 ==   Vaults:2 (   Vaults:3 ?   Vaults:4 [*
Vaults:5 !?(?=[!!   Depths:1 :[   Depths:2 :==

Portals:
Hell: Depths:1 Depths:2 Depths:3 Depths:4
Abyss: Depths:1 Depths:3
Pandemonium: Depths:2 Depths:4
Ziggurat: Depths:3

Annotations:
D:4 Blork the orc
Lair:2 exclusion: downstairs
Orc:2 3 runed translucent doors, drgodel's ghost, journeyman DjAE
Elf:2 3 runed translucent doors
Vaults:2 Mennas
Depths:3 1 runed translucent door


Innate Abilities, Weirdness & Mutations

You can breathe blasts of fire.
Your fiery red scales are hard. (AC +12)
You cannot fit into any form of body armour.
Your flesh is heat resistant. (rF+)
You are cold-blooded and may be slowed by cold attacks.
Potions are less effective at restoring your health.


Message History

The fireball engulfs the wandering mushroom!!
You destroy the wandering mushroom!
The wandering mushroom disappears in a puff of smoke!
The ancient lich touches you but does no damage.
Unknown command.
The curse toe calls on the powers of darkness!
Your body is wracked with pain!
* * * LOW HITPOINT WARNING * * *
The ancient lich attacks as it pursues you!
The ancient lich misses you.
Okay, then.
Your system partially rejects the healing.
You feel much better. The ancient lich touches you!
* * * LOW HITPOINT WARNING * * *
Your system partially rejects the healing.
You feel much better. The ancient lich casts a spell at you.
You resist with some effort.
Unknown command.
Unknown command.
Casting: Ignition (mildly dangerous; 1% risk of failure)
Confirm with . or Enter, or press ? or * to list all spells.
Casting: Plasma Beam (mildly dangerous; 1% risk of failure)
Press: ? - help, Dir - look around, f - activate You feel a strong surge of power!
The bolt of lightning hits the ancient lich!
The ancient lich resists.
The ancient lich is moderately damaged.
The fiery plasma hits the ancient lich!!!
The ancient lich resists.
The ancient lich is almost destroyed.
Magical energy flows into your mind!
The ancient lich touches you but does no damage.
As you read the scroll of fog, it dissolves into smoke.
The curse toe calls on the powers of darkness!
Your body is wracked with pain!
* * * LOW HITPOINT WARNING * * *
The ancient lich points at you and mumbles some strange words.
The crystal spear hits you!!!!
You die...

*#.............## ##..........,
#.............# ##...........,
##.......)...## #.............
#...........# #.^..^...^....
*#...?.......## #.............
#.......^.....# #............○
*#.........^...## #..........^..
**............§§§###.............
*,..###########§@L###....).......
,,,** ##§§).##○f)f.)..... ,***
###.))z..f○.)..... **
#▓▓▓▓▓▓▓▓▓▓▓##.. *
****,,,,,,,,,,, ***
***,,,,,,,,,,,,,, ,,**
**,,,,,,,,,,,,,,,, ,,,* *********
*,^,,,,,,,,,,,,,,,
,,,***,,,,,,,***,,,,,,,,,,,,,,,,,


You could see an ancient lich and a curse toe.

Vanquished Creatures
  the Royal Jelly (Slime:5)
  Tiamat (Zot:2)
  4 dread liches
  3 orbs of fire
  2 ancient liches
  5 Killer Klowns
  Boris (Depths:1)
  Saint Roka (Snake:3)
  Margery (Vaults:3)
  4 caustic shrikes
  17 golden dragons
  6 bone dragons
  A profane servitor (Abyss:4)
  3 electric golems
  16 tentacled monstrosities
  10 Orb Guardians (Zot:5)
  A walking divine tome (Depths:3)
  A walking earthen tome (Depths:4)
  Rupert (Orc:1)
  Asterion (Snake:2)
  5 titans
  3 liches
  8 quicksilver dragons
  A searing wretch (Vaults:3)
  24 acid blobs
  7 sphinxes
  3 tentacled starspawn (Abyss:4)
  10 shadow dragons
  9 tengu reavers
  The ghost of Polaczum the Brawler, an adept TrMo of Nemelex Xobeh (Depths:1)
  Kirke (D:13)
  5 death cobs
  8 azure jellies
  9 draconian knights
  Roxanne (Snake:1)
  9 protean progenitors
  13 storm dragons
  Aizul (Snake:2)
  13 nagarajas
  12 fire giants
  10 rockslimes
  11 draconian monks
  6 draconian scorchers
  2 iron dragons
  2 deep elf sorcerers (Vaults:5)
  5 frost giants
  8 draconian shifters
  17 vault wardens
  An orc warlord (Orc:1)
  3 ghost moths
  5 draconian annihilators
  A cacodemon (Zot:5)
  A draconian stormcaller (Zot:5)
  4 quicksilver oozes
  2 spriggan defenders
  13 stone giants
  20 ironbound preservers
  27 very ugly things
  7 formless jellyfish
  2 vampire knights
  3 ironbound thunderhulks
  Nessos (D:14)
  3 deep elf demonologists
  15 red draconians
  17 green draconians
  12 black draconians
  2 deep elf death magi
  An eleionoma (Swamp:4)
  13 yellow draconians
  2 bunyips (Swamp:4)
  12 purple draconians
  16 white draconians
  6 deep elf annihilators
  9 starcursed masses (Abyss:4)
  12 spark wasps
  11 dire elephants
  3 war gargoyles (Vaults:4)
  A blizzard demon (Depths:2)
  14 ettins
  2 crystal guardians
  Snorg (D:13)
  10 fire dragons
  2 green deaths (Swamp:4)
  14 ice dragons
  13 yaktaur captains
  Josephine (D:10)
  3 deep elf high priests (Vaults:5)
  8 entropy weavers
  Fannar (Lair:1)
  14 great orbs of eyes
  18 hydras
  Erolcha (D:10)
  4 peacekeepers
  7 salamander tyrants
  32 vault guards
  4 rakshasas
  7 ironbound frosthearts
  5 catoblepae
  A ghost crab (Lair:2)
  2 spriggan air magi (Depths:3)
  A hell beast (Swamp:4)
  6 two-headed ogres
  7 centaur warriors
  A jorogumo (Zot:4)
  A sphinx zombie (Depths:2)
  3 boulder beetles
  12 naga warriors
  4 alligators
  Erica (D:8)
  8 anacondas
  8 deep troll shamans
  4 orc high priests (Orc:2)
  8 death yaks
  8 tengu warriors
  2 thrashing horrors (Swamp:4)
  10 deep troll earth magi
  12 dancing weapons
  5 soul eaters
  6 shock serpents
  15 naga sharpshooters
  6 spriggan berserkers
  A vampire mage (Depths:3)
  17 hell knights
  3 occultists
  A shock serpent (shapeshifter) (Vaults:5)
  11 deep elf knights
  6 spriggans
  A sun demon (Depths:2)
  Nergalle (D:10)
  Sonja (Lair:1)
  14 skeletal warriors
  5 iron trolls
  A skyshark (Lair:1)
  3 wretched stars (Abyss:4)
  80 deep trolls
  A sixfirhy (D:12)
  2 goliath frogs
  3 salamander mystics
  2 flayed ghosts
  A spark wasp zombie (Depths:1)
  10 mana vipers
  Lodul (D:14)
  7 arcanists
  2 cherubim (Elf:1)
  8 glowing orange brains
  A shadow demon (Depths:2)
  A glowing orange brain (shapeshifter) (Vaults:5)
  A swamp dragon (Swamp:4)
  A spriggan druid (Swamp:4)
  7 bog bodies
  8 naga ritualists
  10 deep elf archers
  19 ironbound convokers
  19 deep elf zephyrmancers
  8 necromancers
  2 orange crystal statues (Abyss:4)
  A sun moth (shapeshifter) (D:12)
  3 lindwurms (Vaults:1)
  9 large abominations
  5 cyclopes
  2 phantasmal warriors (Vaults:5)
  25 deep elf pyromancers
  5 orc knights
  32 ugly things
  3 orc sorcerers
  A wolf spider (D:15)
  2 will-o-the-wisps
  5 manticores
  Maurice (D:8)
  A frost giant skeleton (Depths:1)
  4 shining eyes
  26 moths of wrath
  A shadow dragon skeleton (Depths:2)
  A water nymph (shapeshifter) (Vaults:5)
  A moth of wrath (shapeshifter) (Vaults:5)
  5 kobold blastminers
  A fire giant skeleton (Depths:1)
  15 salamanders
  6 smoke demons
  An eye of devastation (Slime:5)
  28 elephants
  A meliai (shapeshifter) (Elf:2)
  46 black mambas
  A torpor snail (Zot:3)
  15 naga magi
  5 cane toads
  4 guardian serpents
  19 vault sentinels
  5 orange demons
  A cane toad (shapeshifter) (Elf:2)
  A storm dragon simulacrum (Depths:1)
  A naga skeleton (Abyss:4)
  3 gargoyles
  A hellion (Depths:4)
  2 efreet
  A kobold demonologist (D:13)
  A rime drake (shapeshifter) (D:14)
  4 tengu conjurers
  3 rime drakes
  15 yaktaurs
  Psyche (D:8)
  3 freezing wraiths
  5 komodo dragons
  2 ice devils (D:12)
  3 ancient zymes
  A golden dragon simulacrum (Depths:1)
  3 trolls
  A polar bear (Lair:1)
  2 bloated husks
  A tengu simulacrum (Depths:2)
  3 tyrant leeches
  A tarantella (shapeshifter) (Vaults:1)
  A hornet (shapeshifter) (Elf:1)
  A tarantella (Vaults:2)
  Prince Ribbit (D:6)
  4 raiju (Abyss:4)
  7 hornets
  Grinder (D:4)
  3 glass eyes (Slime:5)
  26 blink frogs
  97 slime creatures
  4 water elementals
  4 shadows
  2 vampires
  2 air elementals
  An ettin skeleton (Vaults:3)
  2 wyverns
  41 yaks
  A spriggan (shapeshifter) (Depths:3)
  5 wraiths
  4 basilisks
  2 fire elementals (Elf:1)
  11 golden eyes
  16 humans (D:14)
  18 vampire mosquitoes
  A spectral komodo dragon (Lair:2)
  4 wargs
  5 hogs (D:13)
  A spriggan simulacrum (Depths:1)
  A redback simulacrum (D:15)
  3 steam dragons (D:7)
  2 chaos spawn (Abyss:4)
  5 swamp worms
  4 neqoxecs (Abyss:4)
  2 glowing shapeshifter zombies
  35 nagas
  3 small abominations (Abyss:4)
  3 acid dragons
  A human zombie (Depths:1)
  11 water moccasins
  A spectral polar bear (Lair:2)
  35 orc warriors
  3 ice beasts
  2 sky beasts (D:7)
  10 laughing skulls (Abyss:4)
  4 black bears
  20 wolves
  9 centaurs
  11 ogres
  A weeping skull (Abyss:4)
  A phantom (D:6)
  2 kobold brigands
  A brain worm (Abyss:2)
  16 bullfrogs
  A spectral water moccasin (Lair:2)
  3 gnoll sergeants
  2 earth elementals (Elf:2)
  A wight (Abyss:4)
  A human simulacrum (Vaults:3)
  6 howler monkeys
  9 electric eels
  2 vampire bats (Lair:3)
  2 bombardier beetles
  A gnoll bouda (D:7)
  4 hounds
  3 jellies
  A quasit (D:12)
  Crazy Yiuf (D:5)
  49 orc priests
  2 sleepcaps
  Terence (D:2)
  2 iguanas (D:6)
  28 orc wizards
  10 hell rats
  A killer bee zombie (D:8)
  A howler monkey zombie (D:8)
  22 gnolls
  6 adders
  2 shadow imps
  A white imp (D:5)
  An ufetubus (Abyss:4)
  3 dart slugs
  2 ribbon worms
  103 orcs
  3 ball pythons
  13 bats
  7 endoplasms
  3 giant cockroaches
  10 goblins
  14 hobgoblins
  9 jackals
  24 kobolds
  7 quokkas
  2 frilled lizards
  10 rats
  10 aspiring fleshes
  A fulminant prism (Lair:5)
  5 starspawn tentacles (Abyss:4)
2239 creatures vanquished.

Vanquished Creatures (others)
  A steam dragon (D:7)
  A vampire mosquito (Swamp:1)
  A bullfrog (Lair:3)
  An orc (D:15)
  4 foxfires
  196 fulminant prisms
  3 starspawn tentacles (Abyss:4)
207 creatures vanquished.

Grand Total: 2446 creatures vanquished

Notes
Turn   | Place    | Note
-------+----------+-------------------------------------------
     0 | D:1      | Kallu the Draconian Conjurer began the quest for the Orb.
     0 | D:1      | Reached XP level 1. HP: 14/14 MP: 3/3
   264 | D:1      | Reached XP level 2. HP: 20/20 MP: 1/5
   541 | D:1      | Learned a level 2 spell: Searing Ray
   609 | D:1      | Reached XP level 3. HP: 26/26 MP: 1/7
  1441 | D:2      | Noticed Terence
  1456 | D:2      | Killed Terence
  1457 | D:2      | Reached skill level 5 in Conjurations
  1457 | D:2      | Reached skill level 1 in Fighting
  1457 | D:2      | Reached XP level 4. HP: 35/35 MP: 0/8
  2349 | D:3      | Learned a level 4 spell: Fulminant Prism
  2411 | D:3      | Reached XP level 5. HP: 45/45 MP: 0/9
  2594 | D:3      | Identified the +2 pair of boots of Hyowkos {rCorr Int+4
                  | Dex-2 SInv}
  2617 | D:3      | Reached skill level 1 in Alchemy
  3109 | D:4      | Noticed Grinder
  3250 | D:4      | Killed Grinder
  3251 | D:4      | Reached XP level 6. HP: 51/51 MP: 6/10
  3396 | D:4      | Found a white marble altar of Elyvilon.
  3809 | D:4      | Noticed Blork the orc
  4056 | D:5      | Entered Level 5 of the Dungeon
  4084 | D:5      | Noticed an ice beast
  4187 | D:5      | Killed an ice beast
  4188 | D:5      | Your scales start taking on a fiery red colour.
  4188 | D:5      | Reached XP level 7. HP: 18/57 MP: 1/11
  4188 | D:5      | Gained mutation: Your flesh is heat resistant. (rF+) [Red
                  | Draconian growth]
  4645 | D:5      | Reached skill level 2 in Fire Magic
  4782 | D:5      | Reached skill level 3 in Fire Magic
  4809 | D:5      | Found a radiant altar of Vehumet.
  4818 | D:5      | Found a staircase to the Ecumenical Temple.
  4828 | Temple   | Entered the Ecumenical Temple
  4835 | Temple   | Became a worshipper of Sif Muna the Loreminder
  5020 | D:5      | Found a runed translucent door.
  5021 | D:5      | Noticed Crazy Yiuf
  5241 | D:5      | Reached XP level 8. HP: 61/63 MP: 4/14
  5440 | D:5      | Killed Crazy Yiuf
  5733 | D:6      | Reached skill level 5 in Spellcasting
  6002 | D:6      | Noticed Prince Ribbit
  6010 | D:6      | Killed Prince Ribbit
  6725 | D:6      | Found a broken altar of Ashenzari.
  7060 | D:7      | Reached * piety under Sif Muna
  7223 | D:7      | Reached XP level 9. HP: 69/69 MP: 10/16
  7315 | D:7      | Reached skill level 10 in Conjurations
  8576 | D:8      | Found an ornate altar of the Wu Jian Council.
  8794 | D:8      | Noticed Erica
  8807 | D:8      | Killed Erica
  8808 | D:8      | Reached skill level 5 in Fire Magic
  8935 | D:7      | Learned a level 6 spell: Starburst
  9142 | D:8      | Found a basalt altar of Yredelemnul.
  9160 | D:8      | Reached skill level 6 in Fire Magic
  9171 | D:8      | Reached XP level 10. HP: 77/77 MP: 5/17
  9426 | D:8      | Noticed Psyche
  9434 | D:8      | Killed Psyche
  9435 | D:8      | Reached skill level 7 in Fire Magic
  9985 | D:8      | Noticed Maurice
  9991 | D:8      | Paralysed by Maurice for 3 turns
  9999 | D:8      | Killed Maurice
 10000 | D:8      | Reached skill level 8 in Fire Magic
 10281 | D:9      | Found a hide-covered altar of Uskayaw.
 10345 | D:9      | Reached ** piety under Sif Muna
 10346 | D:9      | Reached skill level 9 in Fire Magic
 10366 | D:9      | Found a sparkling altar of Nemelex Xobeh.
 10468 | D:9      | Found a flagged portal.
 10496 | Bailey   | Entered a bailey
 10505 | Bailey   | Noticed an orc warlord
 10568 | Bailey   | Noticed an orc knight
 10584 | Bailey   | Killed an orc knight
 10585 | Bailey   | Reached skill level 10 in Fire Magic
 10601 | Bailey   | Found a runed translucent gate.
 10603 | Bailey   | Found a runed translucent gate.
 10605 | Bailey   | Found a runed translucent gate.
 10827 | D:9      | Acquired Sif Muna's Octavo of the Gift and the Lungs
 10862 | D:9      | Learned a level 5 spell: Irradiate
 11285 | D:9      | Identified the +4 long sword "Tojoj" {freeze, Str+3}
 11599 | D:10     | Entered Level 10 of the Dungeon
 11691 | D:10     | Noticed Josephine
 11705 | D:10     | Killed Josephine
 11706 | D:10     | Reached skill level 11 in Fire Magic
 11706 | D:10     | Reached skill level 5 in Alchemy
 11975 | D:10     | Reached XP level 11. HP: 82/82 MP: 13/18
 12017 | D:10     | Identified the +4 falchion of the Empty Page {flame, rPois}
 12031 | D:10     | Noticed Erolcha
 12045 | D:10     | Killed Erolcha
 12386 | D:10     | Found a staircase to the Lair.
 12436 | D:10     | Noticed Nergalle
 12441 | D:10     | Noticed a spectral orc warlord
 12446 | D:10     | Killed Nergalle
 12959 | Lair:1   | Entered Level 1 of the Lair of Beasts
 12959 | Lair:1   | Noticed a skyshark
 12964 | Lair:1   | Killed a skyshark
 13236 | D:10     | Reached *** piety under Sif Muna
 13266 | Lair:1   | Reached skill level 1 in Invocations
 13558 | Lair:1   | Noticed Sonja
 13567 | Abyss:1  | Found a corrupted altar of Lugonu.
 13567 | Abyss:1  | Found a burning altar of Makhleb.
 13567 | Abyss:1  | Cast into level 1 of the Abyss (Sonja)
 13590 | Abyss:1  | Found a corrupted altar of Lugonu.
 13602 | Abyss:1  | Found a corrupted altar of Lugonu.
 13602 | Abyss:1  | Found a corrupted altar of Lugonu.
 13604 | Abyss:1  | Found a corrupted altar of Lugonu.
 13606 | Lair:1   | Escaped the Abyss
 13610 | Lair:1   | Killed Sonja
 13742 | Lair:1   | Noticed Fannar
 13754 | Lair:1   | Killed Fannar
 13755 | Lair:1   | Reached skill level 5 in Fighting
 14627 | Lair:2   | Reached XP level 12. HP: 80/100 MP: 1/24
 14912 | Lair:2   | Found the crystal ball of Wucad Mu {*channel}
 15029 | Lair:2   | Reached **** piety under Sif Muna
 15040 | Lair:2   | Reached skill level 12 in Fire Magic
 15659 | Lair:2   | Found a staircase to the Swamp.
 15659 | Lair:2   | Noticed a ghost crab
 15666 | Lair:2   | Killed a ghost crab
 15806 | Lair:3   | Reached skill level 13 in Fire Magic
 15942 | Lair:3   | Noticed a catoblepas
 15945 | Lair:3   | Reached skill level 14 in Fire Magic
 15953 | Lair:3   | Killed a catoblepas
 16023 | Lair:3   | Reached skill level 1 in Long Blades
 16490 | Lair:3   | Reached ***** piety under Sif Muna
 16712 | Lair:3   | Found a staircase to the Snake Pit.
 16920 | Lair:4   | Noticed a death yak
 16928 | Lair:4   | Reached XP level 13. HP: 107/107 MP: 11/25
 17439 | Lair:4   | Received a gift from Sif Muna
 17452 | Lair:4   | Got Fetwada's Textbook on the Amassed Catalyst {god gift}
 17596 | Lair:4   | Reached skill level 15 in Conjurations
 17596 | Lair:4   | Reached XP level 14. HP: 115/115 MP: 26/26
 17597 | Lair:4   | Reached XP level 15. HP: 121/121 MP: 27/27
 18095 | Lair:4   | Acquired the +3 Elemental Staff {ele, rElec rF+ rC+ AC+3}
 18095 | Lair:4   | Found the +3 Elemental Staff {ele, rElec rF+ rC+ AC+3}
 18135 | Lair:5   | Entered Level 5 of the Lair of Beasts
 18584 | Lair:5   | Identified the +7 war axe "Watitsuw" {flame, ^Contam rPois
                  | Str+3}
 18863 | Lair:5   | Reached skill level 10 in Alchemy
 18869 | Lair:5   | Reached skill level 1 in Staves
 19061 | Lair:5   | Reached skill level 1 in Evocations
 19550 | Lair:5   | Found a runed translucent door.
 19551 | Lair:5   | Found a viscous altar of Jiyva.
 19553 | Lair:5   | Found a staircase to the Slime Pits.
 19553 | Lair:5   | Noticed an acid blob
 19553 | Lair:5   | Noticed an acid blob
 19829 | Lair:5   | Reached skill level 5 in Evocations
 21006 | D:11     | Received a gift from Sif Muna
 21007 | D:11     | Got Sif Muna's Elucidation of Unified Venin {god gift}
 21017 | D:11     | Reached skill level 15 in Fire Magic
 21379 | D:11     | Reached XP level 16. HP: 103/128 MP: 13/28
 21556 | D:11     | Found a staircase to the Orcish Mines.
 22060 | D:12     | Identified the +8 long sword of the Grim God {pain, +Blink
                  | rPois rCorr Int-4}
 22837 | D:13     | Reached skill level 16 in Fire Magic
 23225 | D:13     | Reached skill level 5 in Dodging
 23373 | D:13     | Noticed Kirke
 23379 | D:13     | Received a gift from Sif Muna
 23380 | D:13     | Killed Kirke
 23635 | D:13     | Noticed Snorg
 23641 | D:13     | Killed Snorg
 23642 | D:13     | Reached skill level 1 in Air Magic
 23948 | D:14     | Noticed Lodul
 23948 | D:14     | Noticed Nessos
 23948 | D:14     | Found a gate to the Vaults.
 23952 | D:14     | Killed Lodul
 23957 | D:14     | Killed Nessos
 23958 | D:14     | Reached skill level 5 in Air Magic
 24002 | D:14     | Learned a level 4 spell: Airstrike
 24119 | D:14     | Found a shadowy altar of Dithmenos.
 24934 | D:15     | Entered Level 15 of the Dungeon
 25051 | D:15     | Found the +9 staff of Olgreb {rPois∞}
 25385 | D:15     | Learned a level 6 spell: Plasma Beam
 25798 | D:15     | Found a staircase to the Depths.
 27004 | Snake:1  | Entered Level 1 of the Snake Pit
 27044 | Snake:1  | Received a gift from Sif Muna
 27047 | Snake:1  | Noticed Roxanne
 27050 | Snake:1  | Got Sif Muna's Tome of Reagents and Interference {god gift}
 27073 | Lair:3   | Acquired the ring "Hedeureq" {rC+ Str+2}
 27294 | Snake:1  | Killed Roxanne
 27492 | Snake:1  | Reached skill level 10 in Spellcasting
 27734 | Snake:1  | Reached XP level 17. HP: 134/134 MP: 21/31
 28560 | Snake:1  | Got the Vellum of Percussion
 29126 | Snake:2  | Reached skill level 10 in Air Magic
 29350 | Orc:1    | Entered Level 1 of the Orcish Mines
 29808 | Orc:2    | Entered Level 2 of the Orcish Mines
 29812 | Orc:2    | Found a staircase to the Elven Halls.
 29837 | Orc:2    | Found a runed translucent gate.
 29838 | Orc:2    | Found a runed translucent gate.
 29839 | Orc:2    | Found a runed translucent gate.
 29883 | Orc:2    | Noticed Rupert
 30133 | Orc:1    | Killed Rupert
 30286 | Orc:2    | Reached skill level 10 in Fighting
 30298 | Orc:2    | Received a gift from Sif Muna
 30377 | Orc:2    | Got Mules's Grimoire of Ensorcelling and the Tropics {god
                  | gift}
 30738 | Orc:2    | Found Umeomam's Book Boutique.
 30738 | Orc:2    | Found Ufyboeck's Weapon Boutique.
 30739 | Orc:2    | Found Opnihyhu's Antique Armour Shop.
 30742 | Orc:2    | Found Xehaof's Magic Scroll Shop.
 30768 | Orc:2    | Bought a scroll of enchant armour for 135 gold pieces
 30768 | Orc:2    | Bought a scroll of enchant weapon for 135 gold pieces
 30907 | Orc:2    | Noticed drgodel's ghost (journeyman DjAE)
 30908 | Orc:2    | Identified the +7 lajatang "Wyogul" {venom, rC- Int+3
                  | Dex+3}
 30914 | Orc:2    | Learned a level 2 spell: Blink
 30915 | Orc:2    | Found an iron altar of Okawaru.
 31060 | Elf:1    | Entered Level 1 of the Elven Halls
 31226 | Snake:2  | Found Weuvugul's Weapon Shop.
 31420 | Snake:2  | Identified the ring "Urulo" {Wiz +Blink}
 31890 | Snake:2  | Identified the serpent talisman of Action {Will+}
 31890 | Snake:2  | Noticed Aizul
 31897 | Snake:2  | Killed Aizul
 32058 | Snake:2  | Noticed Asterion
 32069 | Snake:2  | Killed Asterion
 32850 | Snake:3  | Noticed Saint Roka
 32899 | Snake:3  | Killed Saint Roka
 33126 | Snake:3  | Found Utuk's Jewellery Emporium.
 33126 | Snake:3  | Found Jeos's Jewellery Shoppe.
 33437 | Snake:3  | Found a glowing silver altar of Zin.
 33448 | Snake:3  | Received a gift from Sif Muna
 34175 | Snake:4  | Entered Level 4 of the Snake Pit
 34256 | Snake:4  | Reached XP level 18. HP: 140/151 MP: 15/33
 34761 | Snake:4  | Got the Elucidation of Firn
 35221 | Snake:4  | Reached skill level 17 in Fire Magic
 35680 | Snake:4  | Reached skill level 18 in Fire Magic
 35718 | Snake:4  | Learned a level 8 spell: Ignition
 35849 | Snake:4  | Received a gift from Sif Muna
 35874 | Snake:4  | Got Sif Muna's Papyrus of Inhalation {god gift}
 35895 | Snake:4  | Got a serpentine rune of Zot
 36202 | Snake:4  | Reached ****** piety under Sif Muna
 36203 | Snake:4  | Reached skill level 19 in Fire Magic
 36621 | Swamp:1  | Entered Level 1 of the Swamp
 36828 | Swamp:2  | You fall into a shaft and drop 1 floor!
 36835 | Swamp:4  | Entered Level 4 of the Swamp
 36863 | Swamp:4  | Reached skill level 20 in Fire Magic
 36984 | Swamp:4  | Received a gift from Sif Muna
 36989 | Swamp:4  | Noticed a tentacled monstrosity
 37052 | Swamp:4  | Killed a tentacled monstrosity
 37143 | Swamp:4  | Reached XP level 19. HP: 124/157 MP: 30/36
 37639 | Swamp:4  | Got a mossy gem with 660 turns to spare
 37641 | Swamp:4  | Got a decaying rune of Zot
 38205 | Elf:1    | Paralysed by a hornet for 1 turns
 39019 | Elf:1    | Got the Tempter's Octavo of Forbidden Fruit
 39120 | Vaults:1 | Entered Level 1 of the Vaults
 39522 | Vaults:1 | Received a gift from Sif Muna
 39557 | Vaults:1 | Got Sif Muna's Parchment of Beckoning and
                  | Transmogrification {god gift}
 40134 | Vaults:1 | Reached skill level 15 in Air Magic
 41007 | Vaults:2 | Found Buzig's Weapon Shop.
 41049 | Vaults:2 | Learned a level 8 spell: Maxwell's Capacitive Coupling
 41367 | Vaults:2 | Noticed Mennas
 41414 | Vaults:2 | Reached XP level 20. HP: 165/165 MP: 27/38
 41556 | Vaults:2 | Paralysed by a formless jellyfish for 1 turns
 41564 | Vaults:2 | Reached skill level 21 in Fire Magic
 42219 | Vaults:3 | Received a gift from Sif Muna
 42523 | Vaults:3 | Paralysed by a sphinx for 2 turns
 42785 | Vaults:3 | Reached skill level 22 in Fire Magic
 42805 | Vaults:3 | Reached skill level 1 in Translocations
 42854 | Vaults:3 | Noticed Margery
 42860 | Vaults:3 | Killed Margery
 42925 | Vaults:3 | Found Acuthrih's Magic Scroll Shop.
 42929 | Vaults:3 | Bought a scroll of teleportation for 51 gold pieces
 43364 | Vaults:3 | Reached skill level 5 in Invocations
 43488 | Vaults:3 | Found a staircase to the Crypt.
 43816 | Vaults:4 | Found Mudgh's Assorted Antiques.
 43820 | Vaults:4 | Bought 2 potions of haste for 420 gold pieces
 43820 | Vaults:4 | Bought a scroll of fog for 84 gold pieces
 43820 | Vaults:4 | Bought a scroll of fear for 84 gold pieces
 43820 | Vaults:4 | Bought a potion of ambrosia for 168 gold pieces
 44058 | Vaults:4 | Received a gift from Sif Muna
 44295 | Vaults:4 | Got Sif Muna's Quarto of Angles {god gift}
 44541 | Vaults:4 | Reached skill level 15 in Spellcasting
 45117 | Vaults:4 | Found Bothreej's Antique Armour Emporium.
 45140 | Vaults:4 | Reached XP level 21. HP: 171/171 MP: 32/40
 45919 | Elf:2    | Received a gift from Sif Muna
 45921 | Elf:2    | Got Sif Muna's Incunabulum of Invitation and the Summer
                  | {god gift}
 46204 | Elf:2    | Paralysed by an air elemental for 1 turns
 46276 | Elf:2    | Found a runed translucent gate.
 46521 | Elf:2    | Found a runed translucent gate.
 46521 | Elf:2    | Found a runed translucent gate.
 46744 | Vaults:5 | Entered Level 5 of the Vaults
 46746 | Vaults:5 | Reached skill level 10 in Invocations
 46790 | Vaults:5 | Received a gift from Sif Muna
 46791 | Vaults:5 | Got Plog's Vademecum on Power {god gift}
 46798 | Vaults:5 | Noticed a golden dragon
 46806 | Vaults:5 | Killed a golden dragon
 47256 | Vaults:5 | Noticed an ancient lich
 47261 | Vaults:5 | Killed an ancient lich
 47273 | Vaults:5 | Noticed a dread lich
 47279 | Vaults:5 | Killed a dread lich
 47574 | Vaults:5 | Found Mieja's Antique Weapon Shoppe.
 47582 | Vaults:5 | Found Ilisikuo's Jewellery Shop.
 47583 | Vaults:5 | Found Parema's Distillery.
 47587 | Vaults:5 | Found Kidosch's Antique Armour Shoppe.
 47591 | Vaults:5 | Bought a potion of heal wounds for 70 gold pieces
 47591 | Vaults:5 | Bought a potion of enlightenment for 70 gold pieces
 47591 | Vaults:5 | Bought a potion of curing for 42 gold pieces
 47591 | Vaults:5 | Bought 2 potions of enlightenment for 140 gold pieces
 47591 | Vaults:5 | Bought a potion of curing for 42 gold pieces
 47591 | Vaults:5 | Bought a potion of curing for 42 gold pieces
 47591 | Vaults:5 | Bought a potion of magic for 112 gold pieces
 47597 | Vaults:5 | Reached XP level 22. HP: 179/179 MP: 23/42
 47818 | Vaults:5 | Reached skill level 23 in Fire Magic
 47822 | Vaults:5 | Noticed a dread lich
 47837 | Vaults:5 | Killed a dread lich
 48417 | Vaults:5 | Noticed a golden dragon
 48420 | Vaults:5 | Killed a golden dragon
 48421 | Vaults:5 | Reached skill level 24 in Fire Magic
 48681 | Vaults:5 | Received a gift from Sif Muna
 48682 | Vaults:5 | Got Tieray's Parchment of Power and the Mortuary {god gift}
 48687 | Vaults:5 | Learned a level 3 spell: Swiftness
 48743 | Vaults:5 | Found Irgha's Distillery.
 48751 | Vaults:5 | Bought a potion of magic for 112 gold pieces
 48751 | Vaults:5 | Bought a potion of magic for 112 gold pieces
 48751 | Vaults:5 | Bought a potion of curing for 42 gold pieces
 48751 | Vaults:5 | Bought a potion of invisibility for 112 gold pieces
 48751 | Vaults:5 | Bought a potion of curing for 42 gold pieces
 49205 | Vaults:5 | Found Damaystra's Magic Scroll Boutique.
 49212 | Vaults:5 | Bought a scroll of revelation for 172 gold pieces
 49212 | Vaults:5 | Bought a scroll of revelation for 172 gold pieces
 49212 | Vaults:5 | Bought a scroll of fear for 92 gold pieces
 49212 | Vaults:5 | Bought a scroll of revelation for 172 gold pieces
 49279 | Vaults:5 | Found Sanlok's Distillery.
 49284 | Vaults:5 | Bought a potion of curing for 48 gold pieces
 49284 | Vaults:5 | Bought a potion of heal wounds for 80 gold pieces
 49284 | Vaults:5 | Bought a potion of curing for 48 gold pieces
 49284 | Vaults:5 | Bought a potion of curing for 48 gold pieces
 49310 | Vaults:5 | Found Ezuenn's Magic Scroll Shoppe.
 49315 | Vaults:5 | Bought a scroll of revelation for 142 gold pieces
 49315 | Vaults:5 | Bought a scroll of fog for 76 gold pieces
 49315 | Vaults:5 | Bought a scroll of summoning for 180 gold pieces
 49315 | Vaults:5 | Bought a scroll of teleportation for 57 gold pieces
 49315 | Vaults:5 | Bought a scroll of acquirement for 988 gold pieces
 49315 | Vaults:5 | Acquired a +2 hat of stealth
 49455 | Vaults:5 | Got a silver rune of Zot
 49925 | Slime:1  | Entered Level 1 of the Pits of Slime
 50890 | Slime:5  | Entered Level 5 of the Pits of Slime
 50933 | Slime:5  | Received a gift from Sif Muna
 50938 | Slime:5  | Reached skill level 15 in Fighting
 51081 | Slime:5  | Noticed the Royal Jelly
 51245 | Slime:5  | Killed the Royal Jelly
 51778 | Slime:4  | Reached XP level 23. HP: 199/199 MP: 27/43
 51899 | Slime:5  | Found the +7 captain's cutlass {speed, disarm}
 51921 | Slime:5  | Got a slimy rune of Zot
 51931 | Slime:5  | Identified the +8 flail of Jeiclapt {heavy, ^Drain rN+
                  | Will+}
 51940 | Slime:5  | Found the +10 tower shield of Ignorance {rN+ Int-4}
 51953 | Slime:5  | Identified the +4 short sword of the Endless March {venom,
                  | Str+3}
 51967 | Slime:5  | Got the Omnibus of the Forsaken Dances
 51968 | Slime:5  | Identified the +11 short sword "Loopy" {freeze, Str+6}
 52116 | Slime:5  | Found the +3 pair of seven-league boots {Rampage+∞}
 52123 | Slime:5  | Identified the +7 quarterstaff of Ser Epent {protect,
                  | ^Drain Int+3 Stlth+}
 53012 | Depths:1 | Entered Level 1 of the Depths
 53012 | Depths:1 | Found a one-way gate to the infinite horrors of the Abyss.
 53071 | Depths:1 | Noticed Boris
 53075 | Depths:1 | Killed Boris
 53125 | Depths:1 | Found Azxuj's Antique Armour Emporium.
 53229 | Depths:1 | Found Epaifaax's Book Boutique.
 53248 | Depths:1 | Received a gift from Sif Muna
 53249 | Depths:1 | Reached skill level 10 in Dodging
 53583 | Depths:1 | Found a runed translucent door.
 53672 | Depths:1 | Found a gateway to Hell.
 53833 | Depths:1 | Found a shimmering blue altar of Sif Muna.
 54087 | Depths:1 | Noticed Polaczum's ghost (adept TrMo)
 54098 | Depths:1 | Killed Polaczum's ghost
 54891 | Depths:2 | Found a one-way gate leading to the halls of Pandemonium.
 55163 | Depths:2 | Noticed a caustic shrike
 55169 | Depths:2 | Killed a caustic shrike
 55254 | Depths:2 | Received a gift from Sif Muna
 55256 | Depths:2 | Noticed a caustic shrike
 55263 | Depths:2 | Killed a caustic shrike
 55619 | Depths:2 | Found Weroon Ojoso's Book Boutique.
 55619 | Depths:2 | Found Uskyj's Jewellery Shoppe.
 55620 | Depths:2 | Found Luniemes's Jewellery Shoppe.
 56596 | Depths:3 | Noticed a caustic shrike
 56601 | Depths:3 | Killed a caustic shrike
 56721 | Depths:3 | Received a gift from Sif Muna
 57046 | Depths:3 | Noticed a caustic shrike
 57047 | Depths:3 | Found a runed translucent door.
 57047 | Depths:3 | Found a runed translucent door.
 57049 | Depths:3 | Found a runed translucent door.
 57054 | Depths:3 | Reached XP level 24. HP: 168/216 MP: 31/43
 57210 | Depths:3 | Identified the ring of Poden {Dex+2 Slay+3 SInv}
 57463 | Depths:3 | Found a one-way gateway to a ziggurat.
 57886 | Depths:4 | Entered Level 4 of the Depths
 58362 | Depths:4 | Reached skill level 15 in Dodging
 58367 | Depths:4 | Received a gift from Sif Muna
 58537 | Depths:4 | Got Sif Muna's Encyclopedia of Combative Rallying {god
                  | gift}
 59039 | Depths:4 | Found a gate to the Realm of Zot.
 59083 | Depths:4 | Found a sacrificial altar of Ru.
 59515 | Zot:1    | Entered Level 1 of the Realm of Zot
 59578 | Zot:1    | Reached skill level 25 in Fire Magic
 59855 | Depths:3 | Voluntarily entered the Abyss.
 59874 | Abyss:2  | Found a corrupted altar of Lugonu.
 59874 | Abyss:2  | Found a corrupted altar of Lugonu.
 59879 | Abyss:2  | Found a blossoming altar of Fedhas.
 60091 | Abyss:4  | Found a corrupted altar of Lugonu.
 60177 | Abyss:4  | Received a gift from Sif Muna
 60178 | Abyss:4  | Got Sif Muna's Teachings on Boreal Interference {god gift}
 60238 | Depths:3 | Escaped the Abyss
 60428 | Depths:3 | Voluntarily entered the Abyss.
 60447 | Abyss:4  | Found a corrupted altar of Lugonu.
 60473 | Abyss:4  | Got an abyssal rune of Zot
 60604 | Depths:3 | Escaped the Abyss
 61029 | Zot:1    | Reached skill level 5 in Stealth
 61263 | Zot:1    | Noticed an orb of fire
 61301 | Zot:1    | Killed an orb of fire
 61322 | Zot:1    | Reached XP level 25. HP: 137/224 MP: 5/43
 61536 | Zot:1    | Reached skill level 26 in Fire Magic
 61585 | Zot:1    | You fall into a shaft and drop 1 floor!
 62595 | Zot:2    | Received a gift from Sif Muna
 63371 | Zot:2    | Reached skill level 27 in Fire Magic
 63384 | Zot:2    | Got Faoth's Tome of Cooperative Bruises {god gift}
 63990 | Zot:2    | Identified the +5 war axe of the Final Decision {flame,
                  | rElec Will++ MP+9 Stlth-}
 63990 | Zot:2    | Found the +4 dragonskin cloak
 63990 | Zot:2    | Noticed Tiamat
 64283 | Zot:2    | Killed Tiamat
 64478 | Zot:2    | Identified the +4 broad axe "Nuakuh" {holy, rCorr Dex+3}
 64512 | Zot:2    | Identified the amulet "Huixkyso" {rC+ Regen+ Str+2 Int+2
                  | Dex+2}
 64615 | Zot:2    | Got the Treatise on Mutagenic Metal
 65256 | Zot:2    | Received a gift from Sif Muna
 65863 | Zot:3    | Reached skill level 15 in Invocations
 67294 | Zot:3    | Received a gift from Sif Muna
 67326 | Zot:4    | Reached XP level 26. HP: 205/232 MP: 27/43
 68845 | Zot:5    | Entered Level 5 of the Realm of Zot
 69977 | Zot:5    | Noticed an orb of fire
 69991 | Zot:5    | Gained mutation: Potions are less effective at restoring
                  | your health. [an orb of fire]
 69992 | Zot:5    | Killed an orb of fire
 69992 | Zot:5    | Received a gift from Sif Muna
 70187 | Zot:5    | Learned a level 3 spell: Passwall
 70188 | Zot:5    | Noticed an ancient lich
 70193 | Zot:5    | Killed an ancient lich
 70449 | Zot:5    | Noticed an orb of fire
 70455 | Zot:5    | Killed an orb of fire
 70588 | Zot:5    | Noticed a dread lich
 70593 | Zot:5    | Killed a dread lich
 71103 | Zot:5    | Noticed a dread lich
 71119 | Zot:5    | Killed a dread lich
 71119 | Zot:5    | Noticed an ancient lich
 71128 | Zot:5    | Killed from afar by an ancient lich

Illustrated notes

Levels and vault maps discovered:
D:1:      minmay_arrival_floating_metal, layout_basic,
          chequers_serial_rivers_room_b, minmay_hexomino_p4
D:2:      layout_rooms, uniq_terence
D:3:      layout_basic
D:4:      layout_rooms, elyvilon_altar_3, uniq_grinder, uniq_blork_the_orc
D:5:      layout_loops_ring, amcnicky_altar_gilded,
          minmay_temple_entry_stoned_glass, serial_bayou_lagoon_a,
          uniq_crazy_yiuf_cottage
D:6:      layout_basic, ashenzari_conservatory_becter, uniq_prince_ribbit1
D:7:      kennysheep_steamy, layout_loops_corners, nicolae_grassy_gnolls
D:8:      layout_basic, lemuel_zombie_altar_yredelemnul,
          mainiacjoe_overflow_paths, uniq_psyche, uniq_maurice, uniq_erica
D:9:      layout_stronghold, lemuel_tele_altar,
          nemelex_xobeh_ov_fountains_minmay, serial_rivers,
          chequers_serial_rivers_small_b, chequers_serial_rivers_marsh,
          chequers_serial_rivers_micro_e, chequers_serial_rivers_large_a,
          enter_bailey_4
D:10:     layout_basic, lair_entry_dummy, nicolae_zig_zag_zippers,
          uniq_josephine, uniq_erolcha, uniq_nergalle
D:11:     layout_roguey, david_orc_5, serial_bayou, serial_bayou_lake_a,
          serial_bayou_shore_a, serial_bayou_crossing, serial_bayou_lagoon_b,
          serial_bayou_shore_b, serial_bayou_pond_d, special_room
          [special_room_orc]
D:12:     cheibrodos_helix_gallery, layout_irregular_city, serial_demonic,
          serial_demonic_g, serial_demonic_d, serial_demonic_b,
          serial_demonic_a, serial_demonic_f, serial_demonic_d
D:13:     layout_long_grid, minmay_misc_feat_hallway, uniq_snorg, uniq_kirke
D:14:     layout_irregular_city, david_vaults_3,
          grunt_dithmenos_smoke_and_mirrors
D:15:     grunt_enter_depths_hoard, layout_irregular_city
Temple:   hellmonk_temple_two_chambers
Lair:1:   layout_chaotic_city, uniq_sonja, uniq_fannar
Lair:2:   layout_cave_shapes, nicolae_swamp_entry_spooky, grunt_megastairs_3
Lair:3:   layout_cave_shapes, nicolae_snake_entry_squirm, roderic_batcave,
          minivault_11, serial_bayou_shore_b
Lair:4:   layout_regular_city, beast_lair_carwin_10, grunt_megastairs_4
Lair:5:   evilmike_catoblepas_cave, layout_regular_city, slime_entry_2,
          serial_bayou_ford_a, lemuel_fruit_tree, infiniplex_staircase_pool
Swamp:1:  layout_basic_swamp, nicolae_swamp_round_clearing, uniq_donald
Swamp:2:  layout_falls_marsh, evilmike_swamp_ruin_house_5, swamp_pool_1_2,
          nicolae_swamp_long_stream
Swamp:3:  layout_basic_swamp, nicolae_swamp_decorative_isthmus
Swamp:4:  swamp_vile, layout_basic_swamp, swamp_pool_4
Snake:1:  layout_misc_corridors, nicolae_snake_omega, uniq_roxanne
Snake:2:  layout_onion, serial_shops, shop, uniq_asterion, uniq_aizul
Snake:3:  layout_layer_cave, basic_altar, minmay_shoptagon, uniq_saint_roka
Snake:4:  grunt_snake_rune_spirals, layout_onion, st_stairs_6,
          serial_bayou_pond_a
Slime:1:  layout_caves
Slime:2:  layout_caves
Slime:3:  cheibrodos_slime_lost_civilization_10, layout_caves
Slime:4:  nicolae_slime_jelly_donut, layout_caves, basic_altar
Slime:5:  slime_pit_nicolae_block_by_block
Orc:1:    nicolae_orc_accident_2, layout_caves
Orc:2:    st_orc_mages, layout_diamond_mine, gammafunk_ghost_fury_of_okawaru,
          basic_altar, uniq_rupert
Elf:1:    layout_rooms, minmay_elf_annihilation, pf_eden
Elf:2:    elven_hall_of_blades_hangedman_original [mumra_blade_entry_bloodbath],
          layout_onion_city, serial_shops, nicolae_shop_drivethru,
          nicolae_lakefront_shop, nicolae_shop_hallway_stairs, uniq_azrael
Vaults:1: nicolae_vaults_lopsided_apartments, nicolae_vaults_tangram_2,
          vaults_room_pools, vaults_room_grunt_arrival_checkpoint,
          nicolae_vaults_offset_grid_hallway_2, v_misc_2, v_misc_27,
          nicolae_vaults_offset_grid_hallway_4, ontoclasm_vaults_spin,
          hangedman_vaults_locks, nicolae_vaults_tetromino_L_2,
          layout_vaults_omnibox
Vaults:2: nicolae_vaults_enemy_cabinets, hangedman_vaults_hat,
          nicolae_vaults_big_angled_halls, hangedman_vaults_slice, v_rooms_2,
          nicolae_vaults_circle_grid_a, layout_vaults_omnigrid, serial_shops,
          shop, uniq_mennas
Vaults:3: minmay_crypt_entry_nasty_monster, nicolae_vaults_tetromino_Z_2,
          hangedman_vaults_corner_blocks, nicolae_vaults_tetromino_L_1,
          nicolae_vaults_house_2, v_pattern_2, vaults_dpeg_cross,
          nicolae_vaults_closet_pinwheel_1, nicolae_vaults_border_crossing,
          layout_vaults_chaotic_city, serial_shops, shop, uniq_margery
Vaults:4: mu_enter_wizlab_6, hangedman_vaults_slither,
          nicolae_vaults_layer_cake_slice, nicolae_vaults_network_quincunx
          [nicolae_vaults_network_quincunx_subvault,
          nicolae_vaults_network_quincunx_subvault,
          nicolae_vaults_network_quincunx_subvault,
          nicolae_vaults_network_quincunx_subvault,
          nicolae_vaults_network_quincunx_subvault], nicolae_vaults_turnstiles,
          nicolae_vaults_trapezoid_layered, vaults_room_large_hall,
          serial_ice_b, v_misc_31, nicolae_vaults_diamond_2,
          layout_vaults_omnicross, serial_shops, nicolae_shop_trees, shop
Vaults:5
Depths:1: layout_basic, abyss_entry, serial_shops, nicolae_shop_real_fake_doors,
          gammafunk_ghost_grave, hangedman_tar_grid_catacomb,
          chequers_serial_rivers_micro_e, nicolae_sif_muna_condensation,
          minmay_shop_star, grunt_megastairs_1, uniq_boris
Depths:2: minmay_outward_triangles, layout_gridlike,
          hangedman_abyss_or_decor_stagger, hell_entry, rand_demon_pan_entry_1,
          grunt_megastairs_5, infiniplex_staircase_spiral_double,
          serial_bayou_shore_b, minmay_shop_grove, firewood_loft
Depths:3: minmay_the_grid_triangle_9x9_recursive_3_mashed
          [minmay_the_grid_triangle_9x9_stretched_checkered,
          minmay_the_grid_triangle_9x9_fully_insulated_deathbox,
          minmay_the_grid_triangle_9x9_flanged_cone,
          minmay_the_grid_triangle_9x9_prize_insulated,
          minmay_the_grid_triangle_9x9_odd_lines,
          minmay_the_grid_triangle_9x9_sprig,
          minmay_the_grid_triangle_9x9_impossible_snake,
          minmay_the_grid_triangle_9x9_corruption,
          minmay_the_grid_triangle_9x9_steps], layout_gridlike,
          enter_ziggurat_e, nicolae_abyss_entry_one_way_or_another,
          hex_intersection, hell_entry, infiniplex_staircase_split_hallway
Depths:4: grunt_twist_and_shout, layout_basic, pan_entry,
          nicolae_ru_awakened_eye, hellmouth_1, infiniplex_staircase_pool_lava,
          uniq_josephina
Zot:1:    layout_concentric_octagons, grunt_megastairs_2
Zot:2:    layout_misc_corridors, st_grand_hoard_of_tiamat
Zot:3:    layout_gridlike, hellmonk_formless_pools
Zot:4:    layout_concentric_octagons, st_stairs_9
Zot:5:    layout_misc_corridors, grunt_ministairs_8

Skill      XL: |  1  2  3  4  5  6  7  8  9 10 11 12 13 14 15 16 17 18 19 20 21 22 23 24 25 26 |
---------------+-------------------------------------------------------------------------------+-----
Spellcasting   | 3 4 5 8 10 11 13 14 15 16 | 16.0
Conjurations   | 5 6 7 8 9 12 15 16 17 | 17.0
Fighting       | 1 3 7 8 11 15 18 | 18.0
Alchemy        | 2 4 6 7 8 10 | 10.0
Fire Magic     | 3 6 11 14 15 16 20 22 24 25 27 | 27.0
Invocations    | 3 5 10 15 | 15.0
Long Blades    | 4 |  4.0
Staves         | 4 |  4.0
Evocations     | 5 8 |  8.0
Dodging        | 2 6 8 12 15 | 15.0
Air Magic      | 8 12 16 18 19 22 | 22.7
Translocations | 2 |  2.0
Stealth        | 6 |  6.0

Action                     |  1- 3 |  4- 6 |  7- 9 | 10-12 | 13-15 | 16-18 | 19-21 | 22-24 | 25-27 || total
---------------------------+-------+-------+-------+-------+-------+-------+-------+-------+-------++-------
  Melee: Unarmed           |     2 |       |       |       |       |       |       |       |       ||     2
         Tailslap          |    12 |     3 |    17 |    55 |    29 |    27 |    33 |    38 |    11 ||   225
         Dagger            |    70 |    39 |   127 |    84 |       |       |       |       |       ||   320
         Punch             |       |       |     2 |     5 |       |       |       |       |       ||     7
         Long sword        |       |       |       |   175 |    49 |       |       |       |       ||   224
         Staff             |       |       |       |       |    94 |   188 |   131 |   179 |    60 ||   652
   Cast: Magic Dart        |    58 |    84 |    47 |    35 |     6 |     2 |       |       |       ||   232
         Searing Ray       |     4 |    11 |    27 |    23 |     3 |     2 |       |       |       ||    70
         Fulminant Prism   |       |     3 |    31 |    42 |    49 |    59 |    12 |     3 |       ||   199
         Irradiate         |       |       |       |    30 |    29 |    64 |    25 |    55 |    19 ||   222
         Starburst         |       |       |       |    42 |    57 |   157 |    87 |   108 |    17 ||   468
         Plasma Beam       |       |       |       |       |       |   207 |   166 |   304 |   207 ||   884
         Airstrike         |       |       |       |       |       |   209 |   207 |   113 |    61 ||   590
         Ignition          |       |       |       |       |       |     5 |    97 |   137 |   120 ||   359
         Maxwell's Capacit |       |       |       |       |       |       |     3 |     4 |    26 ||    33
         Blink             |       |       |       |       |       |       |       |     1 |       ||     1
Ability: Breathe Fire      |       |       |    14 |     4 |     5 |    10 |       |     3 |     4 ||    40
  Evoke: Wand              |       |       |       |    16 |       |     6 |       |     1 |     2 ||    25
         Tin of tremorston |       |       |       |       |       |     2 |       |     3 |     1 ||     6
         Lightning rod     |       |       |       |       |       |       |       |     1 |       ||     1
         Sack of spiders   |       |       |       |       |       |       |       |       |     1 ||     1
    Use: Potion            |       |     5 |       |     1 |     2 |       |    15 |    11 |    10 ||    44
         Scroll            |       |     4 |     5 |    10 |     4 |    15 |     9 |     7 |    10 ||    64
 Armour: Skin              |    44 |    47 |   133 |   413 |   265 |   460 |   347 |   439 |   315 ||  2463
  Dodge: Dodged            |    60 |    37 |    93 |   269 |   152 |   368 |   268 |   253 |   172 ||  1672
